 Dungeon Crawl Stone Soup version 0.29-a0-330-g52719c12eb (webtiles) character file.

Game seed: 3219661747033247886

16 Armakuni the Ruffian (level 2, 0/22 HPs)
             Began as a Human Wanderer on Apr 30, 2022.
             Frozen to death by an endoplasm (4 damage)
             ... on level 1 of the Dungeon.
             The game lasted 00:00:38 (235 turns).

Armakuni the Ruffian (Human Wanderer)                Turns: 235, Time: 00:00:38

Health: 0/22       AC:  0    Str: 14    XL:     2   Next: 75%
Magic:  2/2        EV: 11    Int: 11    God:
Gold:   27         SH:  0    Dex: 11    Spells: 1/1 levels left

rFire   . . .      SeeInvis .   a - +0 shortbow
rCold   . . .      Faith    .   (shield currently unavailable)
rNeg    . . .      Spirit   .   (no body armour)
rPois   .          Reflect  .   (no helmet)
rElec   .          Harm     .   (no cloak)
rCorr   .          Rampage  .   (no gloves)
Will    .....                   (no boots)
Stlth   +.........              (no amulet)
HPRegen 0.07/turn               (no ring)
MPRegen 0.08/turn               (no ring)

@: no status effects
A: no striking features
a: no special abilities


You were on level 1 of the Dungeon.
You visited 1 branch of the dungeon, and saw 1 of its levels.

You collected 27 gold pieces.

Inventory:

Hand Weapons
 a - a +0 shortbow (weapon)
Armour
 c - a +0 scale mail
Scrolls
 d - a scroll of identify {unknown}
 e - a scroll of vulnerability {unknown}
Potions
 b - 3 potions of haste


   Skills:
 + Level 2.1 Fighting
 - Level 2.0 Bows
 - Level 2.0 Armour
 - Level 5.0 Unarmed Combat
 - Level 1.0 Invocations


You had one spell level left.
You didn't know any spells.
Your spell library was empty.

Dungeon Overview and Level Annotations

Branches:
Dungeon (1/15)

Altars:


Message History

No target in view!
No target in view!
You open the door.
An endoplasm, a bat, a hobgoblin and a goblin come into view.
The hobgoblin shouts!
The goblin shouts!
Found a fizzy inky potion, 7 gold pieces and a notched gilded ring.
You shoot an arrow. The arrow barely misses the bat.
The bat hits you.
You shoot an arrow. The arrow barely misses the goblin.
The arrow hits the endoplasm.
The endoplasm is heavily wounded.
The bat hits you.
You shoot an arrow. The arrow hits the goblin.
The goblin is heavily wounded.
The bat closely misses you. The goblin hits you with a +0 club.
You shoot an arrow. The arrow closely misses the goblin.
The arrow hits the hobgoblin.
You kill the hobgoblin!
The bat closely misses you. The goblin hits you with a +0 club.
The bat hits you. The goblin hits you with a +0 club.
You are too injured to fight recklessly!
You are too injured to fight recklessly!
You are too injured to fight recklessly!
Shoot: a) +0 shortbow
Press: ? - help, Q - select action Shift-Dir - straight line, f/p - goblin
Aim: a goblin, wielding a +0 club (heavily wounded, 50% to hit)
You shoot an arrow. The arrow hits the goblin.
You kill the goblin!
The bat hits you.
Shoot: a) +0 shortbow
Press: ? - help, Q - select action Shift-Dir - straight line, f - endoplasm
Aim: an endoplasm (heavily wounded, 85% to hit)
You shoot an arrow. The arrow hits the endoplasm.
The endoplasm is severely wounded.
The bat barely misses you. The endoplasm freezes you.
You are frozen.
* * * LOW HITPOINT WARNING * * *
The endoplasm freezes you.
You are frozen.
You die...

... ##.###########.....# ..
#..# #...#.. #.###†###
#.†...#
#.......##########....#.
#######.##..........#...###
........###########......
###...#........###.
....#######........
.#........@.####... ..
######J..# . . ..#..#
..!.#b.# #...$ #.## #.=..
#.# #... #.# #### #.#


You could see an endoplasm and a bat.

Vanquished Creatures
  4 ball pythons (D:1)
  3 endoplasms (D:1)
  A goblin (D:1)
  3 hobgoblins (D:1)
  A quokka (D:1)
  A rat (D:1)
13 creatures vanquished.

Notes
Turn   | Place    | Note
-------+----------+-------------------------------------------
     0 | D:1      | Armakuni the Human Wanderer began the quest for the Orb.
     0 | D:1      | Armakuni set off with the following items: a +0 shortbow, 3
                  | potions of haste, a +0 scale mail
     0 | D:1      | Reached XP level 1. HP: 13/13 MP: 1/1
    80 | D:1      | Reached skill level 1 in Fighting
   176 | D:1      | Reached XP level 2. HP: 21/21 MP: 2/2
   235 | D:1      | Frozen to death by an endoplasm

Illustrated notes

Levels and vault maps discovered:
D:1:      elethiomel_arrival_maze, layout_rooms, hex_medium, minmay_3d_cube

Skill      XL: |  1  2 |
---------------+-------+-----
Fighting       | 1 2 |  2.1
Bows           | |  2.0
Armour         | |  2.0
Unarmed Combat | |  5.0
Invocations    | |  1.0

Action                   || total
-------------------------++-------
 Fire: Shortbow          ||    25
Armor: Scale mail        ||     2
Dodge: Dodged            ||     7

Table legend: (Time is in decaauts)
 A = Elapsed time spent in this place.
 B = Non-inter-level travel time spent in this place.
 C = Inter-level travel time spent in this place.
 D = Time resting spent in this place.
 E = Time spent auto-exploring this place.
 F = Levels seen in this place.
 G = Mean time per level.
                   A        B        C        D        E       F      G
               +--------+--------+--------+--------+--------+-----+--------+
         Total |    246 |    246 |      0 |      0 |    194 |   1 |  246.0 |
       Dungeon |    246 |    246 |      0 |      0 |    194 |   1 |  246.0 |
               +--------+--------+--------+--------+--------+-----+--------+

Top non-repeatable levels by time:
     D:1: 246 daAuts
